 Dungeon Crawl Stone Soup version 0.22-a0-300-g82e80c5 (webtiles) character file.

4683 Firecrotchwizard the Basher (level 10, -4/153 (156) HPs)
             Began as a Troll Berserker on Mar 25, 2018.
             Was an Elder of Trog.
             Slain by a two-headed ogre
             ... wielding a +0 giant spiked club
              (24 damage)
             ... on level 8 of the Dungeon on Mar 26, 2018.
             The game lasted 00:15:32 (7021 turns).

Firecrotchwizard the Basher (Troll Berserker)       Turns: 7021, Time: 00:15:33

HP:   -4/153 (156)  AC:  5    Str: 32    XL:     10   Next: 21%
MP:   9/9           EV: 10    Int:  3    God:    Trog [****..]
Gold: 424           SH:  0    Dex: 12    Spells: 9/9 levels left

rFire    + . .     SeeInvis +   r - +0 flail
rCold    x . .     Gourm    +   (no shield)
rNeg     . . .     Faith    .   b - +0 animal skin
rPois    .         Spirit   .   (helmet restricted)
rElec    .         Reflect  .   (no cloak)
rCorr    .         Harm     .   (gloves unavailable)
MR       ++...                  (boots unavailable)
Stlth    ..........             (no amulet)
HPRegen  1.75/turn              o - ring of see invisible {sInv, !d}
MPRegen  0.11/turn              A - ring of fire {rF+, rC-}

@: berserking, marked, regenerating, very quick
A: large, unfitting armour, claws 3, fast metabolism 3, gourmand, regeneration
1, shaggy fur 1, tough skin 2
a: Berserk, Trog's Hand, Brothers in Arms, Renounce Religion


You were on level 8 of the Dungeon.
You worshipped Trog.
Trog was greatly pleased with you.
You were not hungry.

You visited 1 branch of the dungeon, and saw 8 of its levels.

You collected 424 gold pieces.

Inventory:

Hand Weapons
 l - a +1 dagger of electrocution
   (You took it off a goblin on level 2 of the Dungeon)
 r - a +0 flail (weapon)
   (You took it off an orc on level 3 of the Dungeon)
 w - a +1 dagger of venom
   (You took it off an orc wizard on level 6 of the Dungeon)
Missiles
 f - 8 tomahawks of dispersal {=f}
Armour
 b - a +0 animal skin (worn)
 d - a +0 ring mail
   (You found it on level 1 of the Dungeon)
Jewellery
 o - a ring of see invisible (left claw) {sInv, !d}
   (You found it on level 2 of the Dungeon)
 A - a ring of fire (right claw) {rF+, rC-}
   (You found it on level 6 of the Dungeon)
Wands
 B - a wand of flame (23)
   (You found it on level 6 of the Dungeon)
Scrolls
 i - 2 scrolls of enchant armour {unknown}
 j - 4 scrolls of identify
 n - 2 scrolls of magic mapping {unknown}
 s - 2 scrolls of teleportation
 t - a scroll of fear
 y - 2 scrolls of fog
 z - 2 scrolls of remove curse
Potions
 a - 2 potions of degeneration {unknown}
 e - a potion of magic {unknown}
 g - 3 potions of flight {unknown}
 h - 2 potions of haste {unknown}
 k - a potion of brilliance {unknown}
 m - 2 potions of curing
 p - a potion of mutation {unknown}
 q - 2 potions of heal wounds {unknown}
 u - a potion of berserk rage {unknown}
 v - a potion of cancellation {unknown}
 x - 2 potions of might {unknown}
Comestibles
 c - 16 rations {@e1}


   Skills:
 + Level 7.8 Fighting
 * Level 11.3 Maces & Flails
 - Level 2.4 Dodging


You had 9 spell levels left.
You didn't know any spells.

Dungeon Overview and Level Annotations

Branches:
Dungeon (8/15)             Temple (0/1) D:4
   Lair: D:8-11

Altars:
Ashenzari
Dithmenos
Kikubaaqudgha
Makhleb
Ru
Vehumet
Yredelemnul
Zin

Annotations:
D:3 2 transporters
D:4 Sigmund


Innate Abilities, Weirdness & Mutations

You are too large for most types of armour.
You have claws for hands.
Your metabolism is lightning-fast.
You like to eat raw meat.
Your natural rate of healing is unusually fast.
You are covered in fur. (AC +1)
You have very tough skin. (AC +2)


Message History

You may need something to eat soon, looking for food.
Can't find anything matching that.
Okay, then.
You now have 415 gold pieces (gained 11).
You open the door.
There is an open door here.
Found a stone staircase leading down.
Found a stone staircase leading up.
i - 2 scrolls labeled TIMO XYZICREORIPRO (gained 1)
You now have 424 gold pieces (gained 9).
j - 4 scrolls of identify (gained 1)
You open the door.
There is an open door here.
There is a stone staircase leading down here.
You open the door.
There is an open door here.
Found a stone staircase leading up.
You may need something to eat soon, looking for food.
Can't find anything matching that.
Okay, then.
You see here a mace.
You open the door.
There is an open door here.
n - 2 scrolls labeled UDWEID JEOSTE (gained 1)
c - 16 rations {@e1} (gained 1)
A bullfrog and a crimson imp come into view.
The crimson imp shouts!
The bullfrog gives a loud, deep croak!
The alarm trap emits a blaring wail!
A sentinel's mark forms upon you.
You hear a shout! x3; You hear a croak.
A hound zombie comes into view.
You hit the bullfrog. The bullfrog barely misses you. The bullfrog hits you!
You take 8 damage, and have 94/102 hp.
You hit the bullfrog. The bullfrog hits you.
You take 3 damage, and have 91/102 hp.
You miss the bullfrog. The bullfrog hits you.
You take 3 damage, and have 88/102 hp.
You hit the bullfrog. The bullfrog barely misses you.
An orc warrior comes into view. It is wielding a short sword.
You closely miss the bullfrog. The bullfrog hits you. x2
The orc warrior throws a tomahawk.
The tomahawk hits you!
You take 18 damage, and have 71/102 hp.
You hit the bullfrog. The bullfrog barely misses you.
You sock the bullfrog! The bullfrog hits you.
The orc warrior throws a tomahawk.
The tomahawk hits you.
You take 7 damage, and have 65/102 hp.
You closely miss the bullfrog. The bullfrog hits you.
The orc warrior throws a tomahawk.
The tomahawk hits you!!
You take 22 damage, and have 43/102 hp.
MASSIVE DAMAGE!!
You thump the bullfrog!
You kill the bullfrog!
Trog accepts your kill.
You sock the hound zombie! The hound zombie bites you.
The orc warrior throws a tomahawk.
The tomahawk hits you!
* * * LOW HITPOINT WARNING * * *
The hound zombie bites you.
* * * LOW HITPOINT WARNING * * *
An orc comes into view. It is wielding a hand axe.
You take 15 damage, and have 29/102 hp.
You sock the hound zombie!
The orc moves out of view.
The orc warrior throws a tomahawk.
The tomahawk barely misses you. The hound zombie closely misses you.
An orc comes into view. It is wielding a hand axe.
You barely miss the hound zombie. The hound zombie barely misses you.
The orc throws a tomahawk.
The tomahawk closely misses you.
You bludgeon the hound zombie!!
You destroy the hound zombie!
Trog accepts your kill.
A two-headed ogre comes into view.
It is wielding a giant spiked club and a giant club.
The crimson imp hits you but does no damage.
The two-headed ogre closely misses you.
The two-headed ogre completely misses you.
You see here a bullfrog corpse.
The crimson imp hits you.
* * * LOW HITPOINT WARNING * * *
A worker ant comes into view.
You take 2 damage, and have 30/102 hp.
The crimson imp blinks!
The worker ant moves out of view.
The crimson imp blinks!
The crimson imp blinks!
Your skin crawls.
You feel resistant to hostile enchantments.
The two-headed ogre completely misses you.
The two-headed ogre hits you with a giant club!
* * * LOW HITPOINT WARNING * * *
You take 15 damage, and have 25/102 hp.
Unknown command.
A red film seems to cover your vision as you go berserk!
You feel yourself moving faster!
You feel mighty!
You feel quite a bit more hungry.
The two-headed ogre hits you with a giant spiked club!!
* * * LOW HITPOINT WARNING * * *
The two-headed ogre hits you with a giant club.
* * * LOW HITPOINT WARNING * * *
You now have 18/153 hp.
You bludgeon the two-headed ogre!! You sock the two-headed ogre!
The two-headed ogre hits you with a giant spiked club!!
You die...

..=...o.# #.#.######.# #..
.....o..# #.#........# ####
### ../.....# #.#.5#####.#
... #.. .8......#
#.#.o###.#.###.# #.#
...8....#
#.#...##.......#+###'#
....(...#
#.#.#o##.#.#..........
........#
#.#..a...#.#..........
........#
#.###O####.#..........
../.....# #.# #@##
#.#.......... #.# #.# #..#
#.#.......... #.# #.# ##.#
#.#.......... #.# #.# #.#
#.#.......... #.# #.# #.#
#.#.......... #.# ##'## #.#
#.#.......... #.###...#
#.###.#..........
#...'...###..##.#..........
#####...##.#.##.#..........


You could see a two-headed ogre, an orc warrior, a worker ant, a crimson imp and
an orc.

Vanquished Creatures
  A two-headed ogre (D:6)
  The ghost of AlmostDecent the Chopper, a novice DsSk of Okawaru (D:7)
  Pikel (D:4)
  Eustachio (D:5)
  A water moccasin (D:7)
  2 ice beasts
  A sky beast (D:5)
  2 orc warriors
  A necrophage (D:6)
  2 phantoms
  A hornet zombie (D:8)
  An ogre (D:6)
  A centaur (D:7)
  A big kobold (D:7)
  2 bullfrogs
  2 scorpions
  4 killer bees (D:7)
  A howler monkey (D:7)
  A jelly (D:5)
  5 crimson imps
  A bullfrog zombie (D:6)
  A hound (D:5)
  8 orc priests
  7 orc wizards
  A centaur skeleton (D:8)
  3 iguanas
  10 worker ants
  2 hound zombies
  A hound skeleton (D:4)
  A howler monkey zombie (D:5)
  8 adders
  A shadow imp (D:7)
  2 oozes (D:2)
  4 adder skeletons
  An adder zombie (D:5)
  4 worms
  A dart slug (D:1)
  5 leopard geckos
  21 orcs
  2 ball pythons (D:3)
  4 giant cockroaches
  4 goblins
  6 hobgoblins
  3 jackals (D:5)
  4 quokkas
  8 bats
  3 frilled lizards
  A jackal skeleton (D:5)
  5 kobolds
  2 leopard gecko skeletons
  A leopard gecko zombie (D:7)
  7 rats
164 creatures vanquished.

Notes
Turn   | Place    | Note
-------+----------+-------------------------------------------
     0 | D:1      | Firecrotchwizard the Troll Berserker began the quest for the Orb.
     0 | D:1      | Reached XP level 1. HP: 22/22 MP: 0/0
   678 | D:1      | Reached skill level 3 in Maces & Flails
   678 | D:1      | Reached XP level 2. HP: 27/29 MP: 1/1
   972 | D:2      | Reached skill level 3 in Fighting
   978 | D:2      | Found a shadowy altar of Dithmenos.
  1002 | D:2      | Reached XP level 3. HP: 37/37 MP: 2/2
  1273 | D:2      | Reached ** piety under Trog
  1488 | D:3      | Found a transporter.
  1489 | D:3      | Reached XP level 4. HP: 45/45 MP: 3/3
  1689 | D:3      | Reached skill level 4 in Maces & Flails
  1860 | D:3      | Found a transporter.
  1945 | D:3      | Found a sacrificial altar of Ru.
  2290 | D:4      | Noticed a phantom
  2317 | D:4      | Killed a phantom
  2317 | D:4      | Reached XP level 5. HP: 24/54 MP: 4/4
  2435 | D:4      | Reached skill level 4 in Fighting
  2566 | D:4      | Reached skill level 5 in Maces & Flails
  2589 | D:4      | Reached XP level 6. HP: 54/62 MP: 5/5
  2769 | D:4      | Found a staircase to the Ecumenical Temple.
  2826 | D:4      | Noticed Pikel
  2891 | D:4      | Found a shattered altar of Ashenzari.
  2902 | D:4      | Noticed a slave
  2902 | D:4      | Noticed a slave
  2903 | D:4      | Noticed a slave
  2904 | D:4      | Noticed a slave
  2938 | D:4      | HP: 15/93 [Pikel/whip of freezing (11)]
  2943 | D:4      | HP: 12/93 [poisoned by a worker ant]
  2944 | D:4      | Killed Pikel
  2944 | D:4      | Reached skill level 5 in Fighting
  2944 | D:4      | Reached skill level 6 in Maces & Flails
  2944 | D:4      | Reached XP level 7. HP: 13/72 MP: 6/6
  2948 | D:4      | HP: 16/72 [poisoned by a worker ant]
  3100 | D:4      | Noticed Sigmund
  3121 | D:5      | Entered Level 5 of the Dungeon
  3164 | D:5      | Reached skill level 7 in Maces & Flails
  3226 | D:5      | Reached XP level 8. HP: 43/80 MP: 7/7
  3316 | D:5      | Reached *** piety under Trog
  3380 | D:5      | Noticed Eustachio
  3544 | D:5      | Killed Eustachio
  3579 | D:5      | Reached skill level 8 in Maces & Flails
  4087 | D:5      | Found a burning altar of Makhleb.
  4087 | D:5      | Found a glowing silver altar of Zin.
  4093 | D:5      | Found an ancient bone altar of Kikubaaqudgha.
  4095 | D:5      | Found a faded altar of an unknown god.
  4097 | D:5      | Found a radiant altar of Vehumet.
  4378 | D:6      | Reached skill level 6 in Fighting
  4521 | D:6      | HP: 20/81 [ogre/giant club (7)]
  4528 | D:6      | HP: 13/121 [bullfrog (3)]
  4692 | D:6      | Noticed a two-headed ogre
  4810 | D:6      | Reached skill level 9 in Maces & Flails
  5061 | D:6      | Reached XP level 9. HP: 87/89 MP: 8/8
  5271 | D:6      | HP: 20/90 [two-headed ogre/giant club (12)]
  5274 | D:6      | Killed a two-headed ogre
  5274 | D:6      | Reached skill level 10 in Maces & Flails
  5493 | D:6      | Found a basalt altar of Yredelemnul.
  5579 | D:7      | Reached skill level 7 in Fighting
  5598 | D:7      | Noticed AlmostDecent's ghost (novice DsSk)
  5735 | D:7      | Killed AlmostDecent's ghost
  5881 | D:7      | Reached **** piety under Trog
  5948 | D:7      | Reached XP level 10. HP: 86/100 MP: 9/9
  5959 | D:7      | Reached skill level 11 in Maces & Flails
  6019 | D:7      | Received a gift from Trog
  6031 | D:7      | HP: 20/100 [orc warrior/long sword (16)]
  6168 | D:7      | HP: 31/153 [orc warrior/dire flail (20)]
  7002 | D:8      | Noticed a two-headed ogre
  7018 | D:8      | HP: 25/102 [two-headed ogre/giant spiked club (16)]
  7021 | D:8      | Slain by a two-headed ogre

Vault maps used:
D:1:      lightli_arrival_lavapool
D:2:      old_standard_altar
D:3:      gammafunk_wand_slinger, nicolae_ru_awakened_eye
D:4:      ashenzari_conservatory_becter, minmay_temple_entry_junction,
          dk_vineyard_1, nrook_mini_backslash, eino_tiny_chamber, uniq_sigmund,
          uniq_pikel, uniq_crazy_yiuf_cottage
D:5:      chequers_temple_overflow_minitemple, first_ration, uniq_eustachio
D:6:      kennysheep_little_box
D:8:      wad_pebble_path

Skill      XL: |  1  2  3  4  5  6  7  8  9 10 |
---------------+-------------------------------+-----
Maces & Flails | 3 4 5 6 7 9 10 11 | 11.3
Fighting       | 3 4 5 6 7 |  7.8
Dodging        | |  2.4

Action                   |  1- 3 |  4- 6 |  7- 9 | 10-12 || total
-------------------------+-------+-------+-------+-------++-------
Melee: Mace              |    68 |       |       |       ||    68
       Dagger            |    21 |   180 |   162 |       ||   363
       Flail             |       |       |   222 |   104 ||   326
Throw: Tomahawk          |       |       |     1 |       ||     1
Invok: Berserk           |       |     2 |     5 |     3 ||    10
       Trog's Hand       |       |     2 |     2 |     1 ||     5
Evoke: Wand              |       |       |     5 |       ||     5
  Use: Scroll            |       |       |     9 |       ||     9
 Stab: Sleeping          |     1 |       |       |       ||     1
  Eat: Chunk             |    19 |    15 |    30 |    13 ||    77
Armor: Animal skin       |    30 |    54 |    94 |    18 ||   196
Dodge: Dodged            |    49 |    83 |   168 |    39 ||   339

Table legend:
 A = Spawn XP
 B = Non-spawn XP
 C = Spawn XP percentage of total XP
 D = Spawn monster count
 E = Non-spawn monster count
 F = Spawn count percentage of total count
 G = Total turns spent on level
                    A         B        C        D         E        F      G
               +---------+---------+-------+---------+---------+-------+---------
         Total |       0 |    6691 |   0.0 |       0 |     164 |   0.0 |  7021
               +---------+---------+-------+---------+---------+-------+---------
           D:1 |       0 |      18 |   0.0 |       0 |      11 |   0.0 |   839
           D:2 |       0 |      66 |   0.0 |       0 |      18 |   0.0 |   604
           D:3 |       0 |     104 |   0.0 |       0 |      25 |   0.0 |   842
           D:4 |       0 |    1031 |   0.0 |       0 |      14 |   0.0 |   836
           D:5 |       0 |     885 |   0.0 |       0 |      30 |   0.0 |  1091
           D:6 |       0 |    1962 |   0.0 |       0 |      22 |   0.0 |  1649
           D:7 |       0 |    2229 |   0.0 |       0 |      38 |   0.0 |   841
           D:8 |       0 |     396 |   0.0 |       0 |       6 |   0.0 |   319
               +---------+---------+-------+---------+---------+-------+---------

Vault maps used:
D:1:      lightli_arrival_lavapool
D:2:      old_standard_altar
D:3:      gammafunk_wand_slinger, nicolae_ru_awakened_eye
D:4:      ashenzari_conservatory_becter, minmay_temple_entry_junction,
          dk_vineyard_1, nrook_mini_backslash, eino_tiny_chamber, uniq_sigmund,
          uniq_pikel, uniq_crazy_yiuf_cottage
D:5:      chequers_temple_overflow_minitemple, first_ration, uniq_eustachio
D:6:      kennysheep_little_box
D:8:      wad_pebble_path

Table legend:
 A = Turns spent in this place as a percentage of turns spent in the entire game.
 B = Non-inter-level travel turns spent in this place as a percentage of non-inter-level travel turns spent in the entire game.
 C = Inter-level travel turns spent in this place as a percentage of turns spent in this place.
 D = Turns resting spent in this place as a percentage of non-inter-level travel turns spent in this place.
 E = Turns spent auto-exploring this place as a percentage of non-inter-level travel turns spent in this place.
 F = Non-inter-level travel turns spent in this place divided by the number of levels of this place that you've seen.
                   A       B       C       D       E      F
               +-------+-------+-------+-------+-------+----------------------
         Total | 100.0 | 100.0 |   2.5 |  23.7 |  52.9 | 856.0
       Dungeon | 100.0 | 100.0 |   2.5 |  23.7 |  52.9 | 856.0
               +-------+-------+-------+-------+-------+----------------------

Table legend:
 A = Kills in this place as a percentage of kills in entire the game.
 B = Kills by you in this place as a percentage of kills by you in the entire game.
 C = Kills by friends in this place as a percentage of kills by friends in the entire game.
 D = Other kills in this place as a percentage of other kills in the entire game.
 E = Experience gained in this place as a percentage of experience gained in the entire game.
 F = Experience gained in this place divided by the number of levels of this place that you have seen.
                   A       B       C       D       E      F
               +-------+-------+-------+-------+-------+----------------------
         Total | 100.0 | 100.0 |   N/A |   N/A | 100.0 | 836.4
       Dungeon | 100.0 | 100.0 |   N/A |   N/A | 100.0 | 836.4
               +-------+-------+-------+-------+-------+----------------------
